 Dungeon Crawl Stone Soup version 0.31-a0-848-gaac375c287 (webtiles) character file.

Game seed: 12967667468415547170

116 lunkers the Insei (level 5, 0/40 HPs)
             Began as a Meteoran Shapeshifter on Oct 3, 2023.
             Succumbed to an adder's poison
             ... on level 3 of the Dungeon on Oct 4, 2023.
             The game lasted 00:02:44 (732 turns).

lunkers the Insei (Meteoran Shapeshifter)            Turns: 732, Time: 00:02:44

Health: 0/40       AC: -3    Str: 15    XL:     5   Next: 46%
Magic:  6/6        EV: 11    Int: 12    God:
Gold:   71         SH:  0    Dex: 15    Spells: 4/4 levels left

rFire   . .          .
                       - Unarmed
rCold   . . .        (no shield)
rNeg    . . .        i - +0 ring mail
rPois   .            (helmet currently unavailable)
rElec   .            (cloak currently unavailable)
rCorr   .            (gloves currently unavailable)
SInv    .            (boots currently unavailable)
Will    .....        (no amulet)
Stlth   +            (no ring)
HPRegen 0.26/turn    (no ring)
MPRegen 0.10/turn

%: no passive effects
@: lethally poisoned (0 -> -4), beast-form, corroded, glowing
A: beast (slay +2), sense surroundings 1, otherworldly, glowing, explore regen
a: Begin Untransformation


You were on level 3 of the Dungeon.
You were a hulking beast.
You visited 1 branch of the dungeon, and saw 3 of its levels.

You collected 71 gold pieces.

Inventory:

Armour
 a - a +0 animal skin
 i - a +0 ring mail (worn)
Jewellery
 h - an amulet of regeneration
Talismans
 c - a beast talisman (active)
 d - a flux talisman
Scrolls
 g - a scroll of noise {unknown}
 j - a scroll of fog {unknown}
 m - a scroll of vulnerability {unknown}
 n - a scroll of identify {unknown}
Potions
 b - a potion of lignification
 e - a potion of degeneration {unknown}
 f - 2 potions of might {unknown}
 k - 2 potions of enlightenment {unknown}
 l - a potion of mutation {unknown}


   Skills:
 - Level 1.1 Fighting
 - Level 2.1 Dodging
 * Level 5.8 Unarmed Combat
 + Level 4.6 Shapeshifting


You had 4 spell levels left.
You didn't know any spells.
Your spell library contained the following spells:

 Spells                   Type           Power      Damage    Failure   Level
 Apportation              Tloc           0%         N/A       54%         1
 Jinxbite                 Hex            0%         N/A       69%         2
 Poisonous Vapours        Pois/Air       0%         N/A       69%         2
 Ignite Poison            Fire/Tmut/Pois 0%         N/A       89%         3
 Mephitic Cloud           Conj/Pois/Air  0%         N/A       89%         3
 Sticky Flame             Conj/Fire      0%         2d3       100%        4
 Alistair's Intoxication  Tmut/Pois      0%         N/A       100%        5
 Freezing Cloud           Conj/Ice/Air   0%         6-21      100%        5
 Ignition                 Fire           0%         3d3       100%        8


Dungeon Overview and Level Annotations

Branches:
Dungeon (3/15) Zot: 1081

Altars:

Shops:
D:1 :


Innate Abilities, Weirdness & Mutations

You are a hulking beast.
Your limbs bulge with bestial killing power. (Slay +2)
You passively map a small area around you.
You are easily found by Zot.
You glow in the dark.
You regain HP and MP as you explore.


Message History

You hit the jelly.
Your hands burn!
The jelly is heavily wounded.
The jelly barely misses you.
You hit the jelly but do no damage.
Your hands burn!
The jelly is heavily wounded.
The jelly hits you.
You are splashed with acid!
* * * LOW HITPOINT WARNING * * *
You hit the jelly.
Your hands burn!
* * * LOW HITPOINT WARNING * * *
The jelly is severely wounded.
The jelly hits you.
* * * LOW HITPOINT WARNING * * *
The acid corrodes you!
You are splashed with acid!
* * * LOW HITPOINT WARNING * * *
You punch the jelly!
You kill the jelly!
You closely miss the frilled lizard. The frilled lizard barely misses you.
You hit the frilled lizard.
You kill the frilled lizard!
The adder closely misses you.
You miss the adder. The adder bites you.
* * * LOW HITPOINT WARNING * * *
You miss the adder. The adder closely misses you.
You closely miss the adder. The adder closely misses you.
You closely miss the adder. The adder misses you.
You closely miss the adder. The adder closely misses you.
You miss the adder. The adder bites you.
* * * LOW HITPOINT WARNING * * *
The adder closely misses you.
You completely miss the adder. The adder barely misses you.
You closely miss the adder. The adder closely misses you.
You hit the adder.
The adder is moderately wounded.
The adder bites you.
* * * LOW HITPOINT WARNING * * *
You are lethally poisoned!
The adder poisons you!
You closely miss the adder.
The adder is moderately wounded.
You die...

, * , , , * , ,
* , , ### , * *
...., * * .... #
* #..##### .###*
*#..Sh.##..... ,
,*#.###........
** #...<.†......
,
#........#.#####
, ,,
####.......# ,
#.>...###
#.###.# #., #.#
, ##* #..,*


You could see an adder.

Vanquished Creatures
  A jelly (D:3)
  Terence (D:2)
  An adder (D:2)
  4 ball pythons
  5 endoplasms
  2 giant cockroaches (D:2)
  3 goblins
  4 hobgoblins
  7 jackals
  4 kobolds (D:1)
  A quokka (D:1)
  5 bats
  4 frilled lizards
  4 rats
46 creatures vanquished.

Notes
Turn   | Place    | Note
-------+----------+-------------------------------------------
     0 | D:1      | lunkers the Meteoran Shapeshifter began the quest for the
                  | Orb.
     0 | D:1      | Reached XP level 1. HP: 16/16 MP: 2/2
   134 | D:1      | Reached XP level 2. HP: 23/23 MP: 3/3
   140 | D:1      | Reached skill level 4 in Unarmed Combat
   203 | D:1      | Upgraded the game from 0.31-a0-846-gb3bcc0d938 to
                  | 0.31-a0-848-gaac375c287
   222 | D:1      | Reached XP level 3. HP: 24/28 MP: 4/4
   232 | D:1      | Found Tuitoloh's Vocational Training.
   403 | D:2      | Noticed Terence
   418 | D:2      | Killed Terence
   419 | D:2      | Reached skill level 5 in Unarmed Combat
   419 | D:2      | Reached XP level 4. HP: 34/35 MP: 5/5
   657 | D:2      | Reached XP level 5. HP: 40/40 MP: 6/6
   723 | D:3      | HP: 2/40 [adder (2)]
   728 | D:3      | HP: 2/40 [adder (1)]
   732 | D:3      | Succumbed to an adder's poison

Illustrated notes

Levels and vault maps discovered:
D:1:      matt_arrival_refuge, layout_basic, nicolae_shop_vocational
D:2:      minmay_chambers_of_twos, layout_loops_corners, uniq_terence
D:3:      gammafunk_wand_slinger, layout_basic, mainiacjoe_overflow_chevrons,
          ebering_ecumenical_altar_ruins

Skill      XL: |  1  2  3 |
---------------+----------+-----
Unarmed Combat | 4 5 |  5.8
Shapeshifting  | 4 |  4.6
Fighting       | |  1.1
Dodging        | |  2.1

Action                     |  1- 3 |  4- 6 || total
---------------------------+-------+-------++-------
  Melee: Unarmed           |    84 |    72 ||   156
         Punch             |     3 |     1 ||     4
    Use: Potion            |     1 |       ||     1
 Armour: Animal skin       |    32 |       ||    32
         Skin              |    13 |       ||    13
         Ring mail         |     1 |    46 ||    47
  Dodge: Dodged            |    45 |    44 ||    89

Table legend: (Time is in decaauts)
 A = Elapsed time spent in this place.
 B = Non-inter-level travel time spent in this place.
 C = Inter-level travel time spent in this place.
 D = Time resting spent in this place.
 E = Time spent auto-exploring this place.
 F = Levels seen in this place.
 G = Mean time per level.
                   A        B        C        D        E       F      G
               +--------+--------+--------+--------+--------+-----+--------+
         Total |    718 |    696 |     22 |      4 |    353 |   3 |  239.3 |
       Dungeon |    718 |    696 |     22 |      4 |    353 |   3 |  239.3 |
               +--------+--------+--------+--------+--------+-----+--------+

Top non-repeatable levels by time:
     D:1: 355 daAuts
     D:2: 336 daAuts
     D:3: 26 daAuts
